Map: Kairos Junction LE

Players

Bunny - Winner!

  • Race: Terran Terran
  • League: Bronze
  • Spawn Location: 11:00

soO

  • Race: Zerg Zerg
  • Spawn Location: 5:00

Event: IEM Season 13 - Katowice Server Qualifiers Asia 1

VOD

Have the link to the VOD?

Description

Time

  • Played on: Jan. 14, 2019, 5:14 a.m.
  • Length: 14:33

All games in this series

Show
View Real Time Build Order
Export as new Build Order

Bunny Terran - Winner!

Build Orders: Gas First Reaper Expand, Hellion Opening 

Get SALT Encoding   

  12  0:00  SCV  
  13  0:12  SCV  
  14  0:16  Supply Depot  
  14  0:24  SCV  
  14  0:27  Refinery  
  15  0:38  SCV  
  16  0:44  Barracks  
  16  0:50  SCV  
  17  1:02  SCV  
  18  1:14  SCV  
  19  1:30  Orbital Command  
  19  1:31  Reaper  
  20  1:41  Command Center  
  20  1:53  Factory  
  20  1:55  SCV  
  21  2:06  Barracks Reactor  
  21  2:08  SCV, Supply Depot  
  21  2:12  Refinery  
  22  2:20  SCV  
  23  2:34  SCV  
  24  2:42  Starport  
  24  2:46  SCV  
  24  2:47  Hellion  
  24  2:48  Hellion  
  29  2:52  Orbital Command  
  29  2:53  Marine  
  30  2:58  SCV  
  31  3:08  Hellion  
  31  3:09  Hellion  
  31  3:11  Marine  
  31  3:12  SCV  
  37  3:18  SCV  
  38  3:23  Fusion Core  
  38  3:27  SCV  
  38  3:30  SCV  
  38  3:32  Hellion  
  42  3:35  Hellion  
  42  3:41  Supply Depot  
  44  3:42  Starport Tech Lab  
  44  3:45  SCV x2  
  46  4:00  SCV  
  47  4:09  Command Center  
  43  4:16  Battlecruiser  
  44  4:20  SCV  
  44  4:21  SCV  
  46  4:24  Supply Depot  
  46  4:32  SCV  
  46  4:33  Barracks Tech Lab, SCV  
  46  4:35  Barracks  
  48  4:40  Barracks  
  48  4:42  Weapon Refit  
  48  4:45  SCV  
  48  4:46  SCV  
  48  4:51  Marine  
  48  4:52  Refinery  
  51  4:57  SCV, Supply Depot  
  51  4:58  SCV  
  53  5:00  Stimpack  
  53  5:09  Factory Reactor  
  53  5:10  SCV x2  
  55  5:17  Marine  
  55  5:20  Supply Depot  
  56  5:21  Engineering Bay  
  56  5:22  SCV, Engineering Bay  
  56  5:23  SCV  
  56  5:27  Orbital Command  
  58  5:32  Starport Reactor  
  58  5:34  SCV  
  58  5:35  Marine x2, Refinery, SCV  
  60  5:38  Marine  
  63  5:46  SCV  
  63  5:47  SCV  
  65  5:51  Terran Infantry Armor Level 1, Terran Infantry Weapons Level 1  
  65  5:55  Marine x3  
  68  5:58  Siege Tank  
  68  5:59  SCV x2  
  68  6:02  Supply Depot  
  73  6:08  Marine x2  
  73  6:09  Medivac  
  77  6:13  Marine x2  
  77  6:16  SCV x2  
  77  6:17  Orbital Command  
  81  6:19  Medivac  
  81  6:24  Marine, Supply Depot  
  84  6:26  Marine x2  
  84  6:30  Marine  
  84  6:31  SCV x2  
  89  6:34  Barracks  
  89  6:35  Barracks  
  89  6:40  Medivac  
  89  6:43  SCV x2  
  89  6:45  SCV  
  90  6:47  Siege Tank  
  90  6:49  Medivac  
  95  6:54  Marine x4  
  95  6:55  Marine  
  95  6:59  SCV x2  
  95  7:00  SCV, Supply Depot  
  103  7:06  Combat Shield  
  103  7:11  SCV  
  103  7:12  Refinery, SCV x2  
  103  7:14  Supply Depot  
  106  7:17  Marine x3  
  106  7:22  Marine x2, Siege Tank  
  114  7:24  Armory  
  114  7:26  Barracks Reactor  
  114  7:30  SCV x3  
  114  7:32  Barracks Reactor  
  112  7:42  Marine  
  112  7:43  Marine x4  
  112  7:44  SCV x3  
  112  7:45  Missile Turret  
  113  7:52  Medivac  
  113  7:54  Siege Tank  
  118  8:00  Marine x5  
  123  8:09  Factory  
  123  8:10  Missile Turret  
  123  8:11  Missile Turret  
  125  8:12  Supply Depot  
  125  8:15  Supply Depot  
  125  8:16  Terran Infantry Weapons Level 2, Missile Turret  
  125  8:18  Marine x4  
  127  8:22  Missile Turret  
  127  8:23  Marine x5  
  132  8:27  Refinery  
  132  8:29  Terran Infantry Armor Level 2  
  132  8:36  Drilling Claws  
  132  8:37  Supply Depot  
  132  8:38  Supply Depot  
  132  8:40  Widow Mine  
  134  8:41  Marauder  
  136  8:50  Supply Depot  
  136  8:53  Command Center  
  136  8:57  Marine x6  
  136  8:58  Marine x2  
  136  8:59  Concussive Shells  
  144  9:02  Terran Vehicle And Ship Armor Level 1  
  144  9:03  Marauder, Factory Reactor  
  144  9:04  Widow Mine  
  148  9:14  Sensor Tower  
  148  9:15  Marine x2, Supply Depot  
  148  9:16  Marine x6  
  148  9:17  Medivac x2  
  160  9:24  Marauder  
  160  9:26  Thor  
  168  9:37  Marine x5  
  168  9:38  Marine x3  
  175  9:43  Barracks  
  175  9:45  Barracks x2, Widow Mine x2  
  180  9:59  Marine  
  181  10:04  Marine x6, Supply Depot, Medivac x2  
  181  10:05  Marauder  
  193  10:07  Widow Mine  
  195  10:15  Widow Mine  
  195  10:16  Supply Depot  
  194  10:26  Marine x4, Marauder  
  194  10:27  Marine  
  199  10:31  Widow Mine  
  185  10:40  Marine  
  185  10:41  Marine x2  
  182  10:42  Barracks Tech Lab  
  182  10:43  Barracks Reactor  
  182  10:44  Marine x4, Barracks Tech Lab  
  182  10:46  Terran Infantry Weapons Level 3, Terran Infantry Armor Level 3  
  182  10:47  Marauder  
  180  10:50  Widow Mine x2  
  180  10:52  Widow Mine  
  184  11:02  Planetary Fortress, Missile Turret  
  184  11:09  Marauder  
  167  11:11  Widow Mine  
  167  11:16  Marine  
  167  11:17  Marine x2  
  140  11:24  Widow Mine x2  
  140  11:25  Marauder x2  
  139  11:29  Marine x4  
  139  11:30  Marine x3, Marauder  
  142  11:34  Marine  
  142  11:35  Marine x2  
  138  11:40  Sensor Tower  
  138  11:41  Medivac  
  138  11:45  Widow Mine  
  138  11:46  Marine x2  
  142  11:47  Marine x6  
  142  11:48  Widow Mine  
  142  11:49  Widow Mine  
  142  11:51  Medivac  
  152  11:55  Marauder  
  152  11:57  Marine  
  152  11:58  Marine x3  
  158  12:03  Missile Turret  
  158  12:04  Marauder  
  158  12:05  Missile Turret  
  160  12:14  Marauder  
  162  12:15  Marine  
  162  12:16  Marauder, Command Center  
  162  12:17  Marine x2  
  162  12:18  Marine  
  168  12:26  Marine x6, Marauder  
  176  12:31  Widow Mine x2  
  176  12:33  Marine  
  176  12:35  Marine  
  176  12:36  Marauder  
  170  12:37  Marauder, Medivac x2  
  170  12:39  Marine x2  
  170  12:43  Marine  
  170  12:44  Marine  
  179  12:45  Widow Mine  
  179  12:49  Marine, Marauder  
  185  12:53  Widow Mine x2  
  185  12:55  Marine  
  185  12:56  Marine x2  
  185  12:57  Marine, Marauder  
  185  12:58  Marine x4  
  199  13:16  Thor  
  199  13:29  Sensor Tower  
  199  13:30  Marauder  
  199  13:31  Marine x3, Marauder  
  192  13:35  Widow Mine  
  192  13:36  Widow Mine, Medivac x2  
  192  13:38  Marauder  
  192  13:40  Marine x4  
  196  13:48  Planetary Fortress  
  196  13:50  Missile Turret  
  196  13:52  Marauder x2, Missile Turret  
  190  14:08  Marine x6, Marauder  
  190  14:09  Marine x2  
  199  14:10  Marine  
Show
View Real Time Build Order
Export as new Build Order

soO Zerg 

Build Orders: Hatch First, Muta Ling Bane 

Get SALT Encoding   

  12  0:00  Drone  
  13  0:11  Overlord  
  13  0:16  Drone  
  14  0:30  Drone x2  
  14  0:33  Drone  
  17  0:50  Hatchery  
  17  0:53  Drone  
  17  0:56  Drone  
  18  1:06  Drone  
  18  1:07  Extractor  
  18  1:15  Spawning Pool  
  18  1:18  Drone  
  18  1:27  Drone  
  19  1:39  Overlord  
  19  1:48  Drone  
  20  2:01  Queen  
  20  2:02  Queen, Zergling x2  
  20  2:03  Zergling x2  
  26  2:08  Metabolic Boost  
  26  2:15  Drone x2  
  28  2:30  Hatchery  
  28  2:37  Drone x3  
  30  2:45  Queen  
  30  2:50  Overlord  
  32  2:52  Drone  
  32  2:54  Drone  
  34  3:01  Drone x2  
  36  3:13  Drone x2  
  36  3:15  Drone  
  36  3:17  Drone x2  
  41  3:20  Overlord  
  41  3:21  Queen  
  41  3:25  Drone  
  44  3:39  Zergling x6  
  47  3:44  Queen, Drone  
  47  3:45  Overlord  
  50  3:49  Overlord  
  50  3:55  Spore Crawler  
  48  4:00  Extractor  
  46  4:05  Drone x3  
  46  4:06  Drone x2  
  46  4:09  Drone  
  49  4:11  Drone x2  
  49  4:17  Zergling x4  
  54  4:18  Lair  
  54  4:23  Drone  
  55  4:25  Spore Crawler  
  55  4:28  Drone  
  55  4:29  Spore Crawler  
  54  4:33  Spore Crawler  
  54  4:34  Drone  
  54  4:38  Drone x2  
  56  4:39  Drone x2  
  56  4:40  Extractor  
  56  4:42  Extractor  
  56  4:44  Zergling x4  
  58  4:48  Drone  
  58  4:50  Drone x2  
  58  4:51  Drone x2  
  63  4:55  Drone x3  
  63  4:58  Baneling Nest  
  63  4:59  Drone  
  66  5:01  Overlord  
  66  5:04  Overlord  
  66  5:06  Overlord  
  66  5:11  Overlord  
  66  5:20  Spire, Overseer  
  66  5:21  Drone x2  
  66  5:22  Drone x2  
  66  5:23  Drone x2  
  66  5:24  Drone x2  
  66  5:27  Drone x2  
  75  5:29  Drone  
  75  5:32  Queen  
  75  5:37  Queen  
  76  5:44  Queen  
  76  5:47  Zergling x6  
  76  5:49  Drone  
  82  5:54  Drone  
  82  5:58  Drone x3  
  82  5:59  Drone  
  86  6:06  Drone x4  
  86  6:07  Centrifical Hooks  
  86  6:08  Extractor  
  86  6:09  Extractor  
  88  6:11  Overlord  
  88  6:13  Drone x2  
  88  6:14  Extractor  
  89  6:19  Evolution Chamber x2  
  89  6:23  Hatchery  
  89  6:24  Drone x2  
  88  6:30  Zergling x4  
  90  6:33  Overlord  
  84  6:44  Drone  
  84  6:45  Overlord, Drone  
  84  6:46  Zerg Ground Armor Level 1, Drone, Zerg Melee Weapons Level 1  
  85  6:55  Mutalisk x4  
  85  7:00  Drone  
  94  7:03  Mutalisk  
  94  7:05  Baneling x2  
  94  7:06  Baneling x2  
  94  7:07  Zergling x2  
  94  7:08  Zergling x12  
  103  7:12  Extractor  
  102  7:15  Hatchery  
  102  7:16  Overlord  
  102  7:17  Baneling x5  
  102  7:19  Overlord  
  102  7:22  Overlord  
  101  7:23  Overlord  
  101  7:29  Overlord  
  97  7:38  Mutalisk x2  
  97  7:41  Zergling x10  
  101  7:45  Mutalisk  
  101  7:47  Zergling x8  
  107  7:52  Zergling x2  
  107  7:57  Zergling x4  
  110  7:59  Baneling  
  110  8:03  Mutalisk x2  
  114  8:06  Baneling  
  114  8:10  Overlord  
  114  8:12  Baneling  
  114  8:13  Baneling x2  
  114  8:15  Overlord  
  114  8:20  Hatchery  
  114  8:24  Overlord  
  114  8:25  Zerg Flyer Weapons Level 1  
  113  8:30  Drone x2  
  113  8:32  Mutalisk x2  
  119  8:35  Zergling x12  
  125  8:45  Zergling x2  
  125  8:46  Zergling x6  
  125  8:47  Drone  
  130  8:49  Zerg Ground Armor Level 2  
  130  8:58  Zerg Melee Weapons Level 2  
  130  8:59  Drone  
  130  9:00  Drone x6  
  135  9:18  Drone  
  135  9:19  Drone x4  
  135  9:22  Mutalisk x4  
  148  9:30  Overlord  
  148  9:32  Drone  
  148  9:34  Extractor  
  148  9:36  Zergling x6  
  148  9:37  Zergling x14  
  158  9:42  Hatchery  
  157  9:48  Overlord x3  
  157  9:50  Baneling x7  
  157  9:51  Zergling x4, Baneling x6  
  157  9:52  Zergling x8  
  162  10:03  Pneumatized Carapace  
  162  10:04  Overseer x2  
  162  10:06  Zergling x26  
  175  10:09  Overseer x2  
  167  10:27  Zergling x2  
  167  10:28  Zergling x20  
  152  10:35  Zergling x2  
  152  10:36  Zergling x10  
  152  10:45  Zergling x10  
  148  10:54  Zergling x8  
  148  10:55  Zergling x10  
  150  11:02  Zergling x6  
  150  11:03  Zergling x4  
  106  11:18  Zergling x2  
  106  11:19  Zergling x16  
  106  11:20  Mutalisk  
  106  11:22  Zergling x2  
  106  11:23  Spore Crawler  
  111  11:27  Zergling x8  
  111  11:28  Mutalisk, Zergling x2  
  111  11:31  Zergling x6  
  111  11:32  Zergling x2  
  113  11:39  Zergling x4  
  111  11:43  Mutalisk x5  
  111  11:44  Mutalisk  
  111  11:46  Baneling x11  
  121  11:52  Drone x4  
  121  11:53  Baneling  
  121  11:54  Baneling x3  
  125  11:55  Mutalisk x2  
  125  11:57  Queen, Zergling x2  
  125  11:59  Queen  
  134  12:04  Mutalisk x2  
  138  12:09  Drone x3  
  138  12:10  Drone x3  
  138  12:15  Baneling x4  
  144  12:16  Baneling x2  
  144  12:17  Zergling x6  
  144  12:20  Baneling  
  144  12:21  Zergling x8  
  151  12:29  Zergling x6  
  145  12:31  Zergling x6  
  140  12:39  Zergling x4  
  140  12:42  Queen  
  142  12:46  Baneling x11  
  142  12:48  Zergling x10  
  142  12:51  Queen  
  149  12:56  Baneling x5  
  149  12:58  Zergling x8  
  152  13:05  Zergling x8  
  154  13:11  Overlord x2  
  156  13:12  Hatchery  
  156  13:16  Overlord x2  
  155  13:20  Zergling x6  
  155  13:25  Zergling x4  
  157  13:32  Zergling x10  
  150  13:37  Zergling x8  
  151  13:44  Baneling x4  
  151  13:46  Zergling x4  
  151  13:47  Zergling x10  
  158  13:49  Overseer  
  158  14:01  Mutalisk x2  
  154  14:08  Hatchery  
  154  14:09  Zergling x2  
  152  14:10  Zergling x18  

Tags
 
Add a new tag
Caveats
  • Supply blocks, unpowered buildings, or Contaminate may cause inaccurate times.
  • Supply counts are checked every 10 seconds.